NCAA
OKLAHOMA SOONERS @ UTAH UTES
05/22/2025
 
TOP OF THE 1ST
Oklahoma Sooners batting - Pitching for Utah Utes : RHP Joe King
Pitching: RHP Joe King
Batting: SHB Ryan Holcomb 0-0: Called Strike
0-1: Swinging Strike
0-2: Strikes out looking
Batting: SHB César Álvarez 0-0: Called Strike
0-1: Foul Ball, location: 2F
0-2: Ball
1-2: Strikes out swinging
Batting: SHB Donald Reed 0-0: Foul Ball, location: 2F
0-1: Ball
1-1: Ball
2-1: Called Strike
2-2: Strikes out swinging
Top of the 1st over - 0 run(s), 0 hit(s), 0 error(s), 0 left on base; Oklahoma 0 - Utah 0
BOTTOM OF THE 1ST
Utah Utes batting - Pitching for Oklahoma Sooners : RHP Luis García
Pitching: RHP Luis García
Batting: RHB Todd Oliver 0-0: Ball
1-0: Ball
2-0: Called Strike
2-1: Foul Ball, location: 2F
2-2: Strikes out swinging
Batting: RHB Bill Bourland 0-0: Ball
1-0: Called Strike
1-1: SINGLE (Groundball, 56)
Batting: LHB Felipe Valino 0-0: Ball
Bill Bourland steals 2nd base
1-0: Called Strike
1-1: Ball
2-1: Called Strike
2-2: Strikes out swinging
Batting: LHB Phil Cantrell 0-0: SINGLE (Line Drive, 6)
Bill Bourland to third
Runner from 3rd tries for Home, SAFE, no throw or cutoff
Batting: RHB Brandon Owen 0-0: Ball
1-0: Ball
2-0: DOUBLE (Line Drive, 7LS)
Phil Cantrell to third
Runner from 3rd tries for Home, SAFE, no throw or cutoff
Batting: RHB Bennie McGrath 0-0: Ground out 1-3 (Groundball, 15)
Bottom of the 1st over - 2 run(s), 3 hit(s), 0 error(s), 1 left on base; Oklahoma 0 - Utah 2
TOP OF THE 2ND
Oklahoma Sooners batting - Pitching for Utah Utes : RHP Joe King
Batting: LHB Keith Green 0-0: Ball
1-0: Ground out U3 (Groundball, 3L)
Batting: RHB Ralph Hayes 0-0: Called Strike
0-1: Ball
1-1: Ground out 5-3 (Groundball, 5)
Batting: RHB Rafael Barajas 0-0: Ball
1-0: Called Strike
1-1: SINGLE (Groundball, 6D)
Batting: RHB Steven Wright 0-0: Ball
1-0: Ground out 1-3 (Groundball, 15S)
Top of the 2nd over - 0 run(s), 1 hit(s), 0 error(s), 1 left on base; Oklahoma 0 - Utah 2
BOTTOM OF THE 2ND
Utah Utes batting - Pitching for Oklahoma Sooners : RHP Luis García
Batting: LHB Chris Reid 0-0: Ball
1-0: Ball
2-0: Called Strike
2-1: Called Strike
2-2: Ball
3-2: Base on Balls
Batting: RHB Patrick Chute 0-0: Ball
1-0: Ball
2-0: Ball
3-0: Called Strike
3-1: Foul Ball, location: 2F
3-2: SINGLE (Groundball, 56)
Chris Reid to second
Batting: RHB Paul Guzmán 0-0: Foul Ball, location: 2F
0-1: Called Strike
0-2: Ball
1-2: Ball
2-2: Strikes out swinging
Batting: RHB Todd Oliver 0-0: Fielders Choice at 2nd, 5-4 (Groundball, 5)
Chris Reid to third
Batting: RHB Bill Bourland 0-0: Ball
1-0: Called Strike
1-1: Called Strike
1-2: Fly out, F4 (Line Drive, 4)
Bottom of the 2nd over - 0 run(s), 1 hit(s), 0 error(s), 2 left on base; Oklahoma 0 - Utah 2
TOP OF THE 3RD
Oklahoma Sooners batting - Pitching for Utah Utes : RHP Joe King
Batting: RHB José Ramos 0-0: Ball
1-0: Ball
2-0: Ball
3-0: Base on Balls
Batting: RHB Chris Wilson 0-0: Ground out 5-3 (Groundball, 5S)
José Ramos to second
Batting: SHB Ryan Holcomb 0-0: Called Strike
0-1: Swinging Strike
0-2: Strikes out swinging
Batting: SHB César Álvarez 0-0: Foul Ball, location: 2F
0-1: Ball
1-1: Called Strike
1-2: Foul Ball, location: 2F
1-2: Strikes out swinging
Top of the 3rd over - 0 run(s), 0 hit(s), 0 error(s), 1 left on base; Oklahoma 0 - Utah 2
BOTTOM OF THE 3RD
Utah Utes batting - Pitching for Oklahoma Sooners : RHP Luis García
Batting: LHB Felipe Valino 0-0: Ball
1-0: Ball
2-0: Called Strike
2-1: Called Strike
2-2: Strikes out swinging
Batting: LHB Phil Cantrell 0-0: Ball
1-0: Called Strike
1-1: Foul Ball, location: 2F
1-2: Ball
2-2: Ground out 6-3 (Groundball, 6M)
Batting: RHB Brandon Owen 0-0: Called Strike
0-1: Ball
1-1: Ball
2-1: SOLO HOME RUN (Flyball, 7LD), Distance : 357 ft
Batting: RHB Bennie McGrath 0-0: Ball
1-0: Ball
2-0: Ball
3-0: Base on Balls
Batting: LHB Chris Reid 0-0: Foul Ball, location: 2F
0-1: Ground out 4-3 (Groundball, 4)
Bottom of the 3rd over - 1 run(s), 1 hit(s), 0 error(s), 1 left on base; Oklahoma 0 - Utah 3
TOP OF THE 4TH
Oklahoma Sooners batting - Pitching for Utah Utes : RHP Joe King
Batting: SHB Donald Reed 0-0: Ball
1-0: Ball
2-0: Ball
3-0: Called Strike
3-1: Foul Ball, location: 2F
3-2: Foul Ball, location: 2F
3-2: Foul Ball, location: 2F
3-2: Base on Balls
Batting: LHB Keith Green 0-0: Swinging Strike
0-1: Swinging Strike
0-2: Strikes out swinging
Batting: RHB Ralph Hayes 0-0: Grounds into double play, 6-4-3 (Groundball, 6)
Top of the 4th over - 0 run(s), 0 hit(s), 0 error(s), 0 left on base; Oklahoma 0 - Utah 3
BOTTOM OF THE 4TH
Utah Utes batting - Pitching for Oklahoma Sooners : RHP Luis García
Batting: RHB Patrick Chute 0-0: Ball
1-0: Ground out 1-3 (Groundball, 15)
Batting: RHB Paul Guzmán 0-0: Ball
1-0: Foul Ball, location: 2F
1-1: Fly out, F6 (Popup, 6D)
Batting: RHB Todd Oliver 0-0: Called Strike
0-1: Ball
1-1: Ball
2-1: Fly out, F3 (Popup, 3DF)
Bottom of the 4th over - 0 run(s), 0 hit(s), 0 error(s), 0 left on base; Oklahoma 0 - Utah 3
TOP OF THE 5TH
Oklahoma Sooners batting - Pitching for Utah Utes : RHP Joe King
Batting: RHB Rafael Barajas 0-0: Called Strike
0-1: Called Strike
0-2: Strikes out swinging
Batting: RHB Steven Wright 0-0: Ball
1-0: SINGLE (Line Drive, 5D)
Batting: RHB José Ramos 0-0: Foul Ball, location: 2F
0-1: Foul Ball, location: 2F
0-2: Ball
1-2: Fly out, F4 (Popup, 34)
Batting: RHB Chris Wilson 0-0: Swinging Strike
0-1: Ball
1-1: Ball
2-1: Ball
3-1: Base on Balls
Steven Wright to second
Batting: SHB Ryan Holcomb 0-0: Ball
1-0: Swinging Strike
1-1: Fly out, F7 (Flyball, 7M)
Top of the 5th over - 0 run(s), 1 hit(s), 0 error(s), 2 left on base; Oklahoma 0 - Utah 3
BOTTOM OF THE 5TH
Utah Utes batting - Pitching for Oklahoma Sooners : RHP Luis García
Batting: RHB Bill Bourland 0-0: Fly out, F4 (Popup, 4)
Batting: LHB Felipe Valino 0-0: Foul Ball, location: 2F
0-1: Ball
1-1: Ground out 6-3 (Groundball, 6)
Batting: LHB Phil Cantrell 0-0: Ball
1-0: Foul Ball, location: 2F
1-1: Foul Ball, location: 2F
1-2: Ball
2-2: Ball
3-2: Strikes out swinging
Bottom of the 5th over - 0 run(s), 0 hit(s), 0 error(s), 0 left on base; Oklahoma 0 - Utah 3
TOP OF THE 6TH
Oklahoma Sooners batting - Pitching for Utah Utes : RHP Joe King
Batting: SHB César Álvarez 0-0: Ball
1-0: Foul Ball, location: 2F
1-1: Called Strike
1-2: Ball
2-2: Foul Ball, location: 2F
2-2: Strikes out looking
Batting: SHB Donald Reed 0-0: Ball
1-0: Ground out 4-3 (Groundball, 4)
Batting: LHB Keith Green 0-0: DOUBLE (Line Drive, 9LS)
Batting: RHB Ralph Hayes 0-0: Ground out 6-3 (Groundball, 6)
Top of the 6th over - 0 run(s), 1 hit(s), 0 error(s), 1 left on base; Oklahoma 0 - Utah 3
BOTTOM OF THE 6TH
Utah Utes batting - Pitching for Oklahoma Sooners : RHP Luis García
Batting: RHB Brandon Owen 0-0: Foul Ball, location: 2F
0-1: Ball
1-1: Foul Ball, location: 2F
1-2: Ball
2-2: Foul Ball, location: 2F
2-2: Strikes out swinging
Pitching: RHP Ryan Thompson
Batting: RHB Bennie McGrath 0-0: Ball
1-0: Ball
2-0: Ball
3-0: Called Strike
3-1: Foul Ball, location: 2F
3-2: Base on Balls
Batting: LHB Chris Reid 0-0: Foul Ball, location: 2F
0-1: Called Strike
0-2: Ball
1-2: Strikes out swinging
Batting: RHB Patrick Chute 0-0: Foul Ball, location: 2F
0-1: Fly out, F3 (Popup, 23F)
Bottom of the 6th over - 0 run(s), 0 hit(s), 0 error(s), 1 left on base; Oklahoma 0 - Utah 3
TOP OF THE 7TH
Oklahoma Sooners batting - Pitching for Utah Utes : RHP Joe King
Batting: RHB Rafael Barajas 0-0: Ball
1-0: Swinging Strike
1-1: DOUBLE (Line Drive, 7LM)
Batting: RHB Steven Wright 0-0: Ball
1-0: Reached on error, E5 (Groundball, 5S)
Rafael Barajas to third
Batting: RHB José Ramos 0-0: Ball
1-0: Called Strike
1-1: Ball
2-1: Foul Ball, location: 2F
2-2: Ball
3-2: Ground out 6-3 (Groundball, 6M)
Rafael Barajas scores
Steven Wright to second
Pitching: RHP Don William
Batting: RHB Chris Wilson 0-0: Ball
1-0: Ball
2-0: Ball
3-0: Base on Balls
Batting: SHB Ryan Holcomb 0-0: Foul Ball, location: 2F
0-1: Ball
1-1: Ball
2-1: Swinging Strike
2-2: Foul Ball, location: 2F
2-2: Ball
3-2: Base on Balls
Steven Wright to third
Chris Wilson to second
Batting: SHB César Álvarez 0-0: Ball
1-0: SINGLE (Line Drive, 56D)
Steven Wright scores
Chris Wilson to third
Ryan Holcomb to second
Batting: SHB Donald Reed 0-0: Fielders Choice at 2nd, 6-4 (Groundball, 6M)
Chris Wilson scores
Ryan Holcomb to third
Batting: LHB Keith Green 0-0: Ball
Donald Reed is caught stealing 2nd base
Top of the 7th over - 3 run(s), 2 hit(s), 1 error(s), 0 left on base; Oklahoma 3 - Utah 3
BOTTOM OF THE 7TH
Utah Utes batting - Pitching for Oklahoma Sooners : RHP Ryan Thompson
Batting: RHB Paul Guzmán 0-0: Ball
1-0: Called Strike
1-1: Foul Ball, location: 2F
1-2: Strikes out swinging
Batting: RHB Todd Oliver 0-0: Ball
1-0: Ground out 6-3 (Groundball, 6M)
Batting: RHB Bill Bourland 0-0: Ball
1-0: Ball
2-0: Called Strike
2-1: Swinging Strike
2-2: Ball
3-2: Foul Ball, location: 2F
3-2: Ground out 6-3 (Groundball, 56)
Bottom of the 7th over - 0 run(s), 0 hit(s), 0 error(s), 0 left on base; Oklahoma 3 - Utah 3
TOP OF THE 8TH
Oklahoma Sooners batting - Pitching for Utah Utes : RHP Don William
Batting: LHB Keith Green 0-0: Called Strike
0-1: Called Strike
0-2: Ball
1-2: Ball
2-2: Ball
3-2: Base on Balls
Batting: RHB Ralph Hayes 0-0: Called Strike
0-1: Foul Ball, location: 2F
0-2: Foul Ball, location: 2F
0-2: Ball
1-2: Ball
2-2: Foul Ball, location: 2F
2-2: Foul Ball, location: 2F
2-2: Ball
3-2: Strikes out swinging
Batting: RHB Rafael Barajas 0-0: Ball
1-0: Fly out, F6 (Line Drive, 6)
Batting: RHB Steven Wright 0-0: Swinging Strike
0-1: Ball
1-1: Ball
2-1: Swinging Strike
2-2: Strikes out looking
Top of the 8th over - 0 run(s), 0 hit(s), 0 error(s), 1 left on base; Oklahoma 3 - Utah 3
BOTTOM OF THE 8TH
Utah Utes batting - Pitching for Oklahoma Sooners : RHP Ryan Thompson
Batting: LHB Felipe Valino 0-0: Ball
1-0: Swinging Strike
1-1: Called Strike
1-2: Ground out 1-3 (Groundball, 15)
Pitching: RHP Neil Adams
Batting: LHB Phil Cantrell 0-0: Ball
1-0: Ball
2-0: Ball
3-0: Called Strike
3-1: Base on Balls
Batting: RHB Brandon Owen 0-0: Called Strike
0-1: Called Strike
0-2: Fly out, F8 (Line Drive, 8LM)
Batting: RHB Bennie McGrath 0-0: Called Strike
0-1: Ball
1-1: Ball
Phil Cantrell steals 2nd base
2-1: Ball
3-1: Fly out, F6 (Popup, 56)
Bottom of the 8th over - 0 run(s), 0 hit(s), 0 error(s), 1 left on base; Oklahoma 3 - Utah 3
TOP OF THE 9TH
Oklahoma Sooners batting - Pitching for Utah Utes : RHP Don William
Pitching: RHP Bryan Graves
Batting: RHB José Ramos 0-0: Ball
1-0: Fly out, F3 (Popup, 4)
Pinch Hitting: RHB Adam Reeves 0-0: Called Strike
0-1: Ball
1-1: Called Strike
1-2: Fly out, F6 (Line Drive, 6)
Batting: SHB Ryan Holcomb 0-0: Called Strike
0-1: Ground out 4-3 (Groundball, 4)
Top of the 9th over - 0 run(s), 0 hit(s), 0 error(s), 0 left on base; Oklahoma 3 - Utah 3
BOTTOM OF THE 9TH
Utah Utes batting - Pitching for Oklahoma Sooners : RHP Neil Adams
Now at SS: Scott Williams
Batting: LHB Chris Reid 0-0: Called Strike
0-1: Called Strike
0-2: Strikes out looking
Batting: RHB Patrick Chute 0-0: Ball
1-0: Ball
2-0: Ball
3-0: Base on Balls
Batting: RHB Paul Guzmán 0-0: Ball
1-0: Grounds into double play, 6-4-3 (Groundball, 6M)
Bottom of the 9th over - 0 run(s), 0 hit(s), 0 error(s), 0 left on base; Oklahoma 3 - Utah 3
TOP OF THE 10TH
Oklahoma Sooners batting - Pitching for Utah Utes : RHP Bryan Graves
Batting: SHB César Álvarez 0-0: Ball
1-0: Called Strike
1-1: Ball
2-1: Ball
3-1: Base on Balls
Batting: SHB Donald Reed 0-0: Ball
1-0: Ball
2-0: Foul Ball, location: 2F
2-1: Fly out, F5 (Popup, 5F)
Batting: LHB Keith Green 0-0: Swinging Strike
0-1: Ball
1-1: Ball
2-1: Foul Ball, location: 2F
2-2: Ball
3-2: Base on Balls
César Álvarez to second
Batting: RHB Ralph Hayes 0-0: Swinging Strike
0-1: Ball
1-1: Called Strike
1-2: Strikes out looking
Batting: RHB Rafael Barajas 0-0: Swinging Strike
0-1: Fielders Choice at 2nd, U6 (Groundball, 6M)
Top of the 10th over - 0 run(s), 0 hit(s), 0 error(s), 2 left on base; Oklahoma 3 - Utah 3
BOTTOM OF THE 10TH
Utah Utes batting - Pitching for Oklahoma Sooners : RHP Neil Adams
Batting: RHB Todd Oliver 0-0: Called Strike
0-1: Ball
1-1: Foul Ball, location: 2F
1-2: Ball
2-2: Strikes out swinging
Batting: RHB Bill Bourland 0-0: Called Strike
0-1: Ball
1-1: Fly out, F8 (Flyball, 8RS)
Batting: LHB Felipe Valino 0-0: Ball
1-0: Ground out U3 (Groundball, 3)
Bottom of the 10th over - 0 run(s), 0 hit(s), 0 error(s), 0 left on base; Oklahoma 3 - Utah 3
TOP OF THE 11TH
Oklahoma Sooners batting - Pitching for Utah Utes : RHP Bryan Graves
Pitching: LHP Franklin O'Morchoe
Batting: RHB Steven Wright 0-0: Called Strike
0-1: Fly out, F8 (Flyball, 8RM)
Batting: RHB José Ramos 0-0: Ball
1-0: Fly out, F8 (Flyball, 8RM)
Batting: RHB Scott Williams 0-0: Called Strike
0-1: Swinging Strike
0-2: Ball
1-2: Ball
2-2: Ball
3-2: Strikes out swinging
Top of the 11th over - 0 run(s), 0 hit(s), 0 error(s), 0 left on base; Oklahoma 3 - Utah 3
BOTTOM OF THE 11TH
Utah Utes batting - Pitching for Oklahoma Sooners : RHP Neil Adams
Batting: LHB Phil Cantrell 0-0: Ball
1-0: Ball
2-0: Ball
3-0: Called Strike
3-1: Foul Ball, location: 2F
3-2: Foul Ball, location: 2F
3-2: Base on Balls
Batting: RHB Brandon Owen 0-0: Ball
1-0: Called Strike
1-1: Called Strike
1-2: Ball
2-2: Strikes out swinging
Batting: RHB Bennie McGrath 0-0: Ball
Phil Cantrell steals 2nd base
1-0: Intentional Walk
Batting: LHB Chris Reid 0-0: Ball
1-0: Called Strike
1-1: Foul Ball, location: 2F
1-2: Ball
2-2: Strikes out looking
Pitching: RHP Alex Hicks
Batting: RHB Patrick Chute 0-0: Called Strike
0-1: Called Strike
0-2: Ball
1-2: Ball
2-2: Fly out, F7 (Flyball, 78S)
Bottom of the 11th over - 0 run(s), 0 hit(s), 0 error(s), 2 left on base; Oklahoma 3 - Utah 3
TOP OF THE 12TH
Oklahoma Sooners batting - Pitching for Utah Utes : LHP Franklin O'Morchoe
Batting: SHB Ryan Holcomb 0-0: Ball
1-0: Called Strike
1-1: Ground out 5-3 (Groundball, 5S)
Batting: SHB César Álvarez 0-0: Ball
1-0: Foul Ball, location: 2F
1-1: Ball
2-1: Foul Ball, location: 2F
2-2: Fly out, F7 (Flyball, 78M)
Batting: SHB Donald Reed 0-0: Called Strike
0-1: Foul Ball, location: 2F
0-2: Ball
1-2: Strikes out swinging, 2-3 out at first.
Top of the 12th over - 0 run(s), 0 hit(s), 0 error(s), 0 left on base; Oklahoma 3 - Utah 3
BOTTOM OF THE 12TH
Utah Utes batting - Pitching for Oklahoma Sooners : RHP Alex Hicks
Batting: RHB Paul Guzmán 0-0: Called Strike
0-1: Swinging Strike
0-2: Strikes out swinging
Batting: RHB Todd Oliver 0-0: Ball
1-0: Ball
2-0: Foul Ball, location: 2F
2-1: Foul Ball, location: 2F
2-2: Ball
3-2: Base on Balls
Batting: RHB Bill Bourland 0-0: Ball
1-0: Ball
2-0: Called Strike
2-1: Called Strike
2-2: Foul Ball, location: 2F
2-2: Fly out, F7 (Line Drive, 7S)
Batting: LHB Felipe Valino 0-0: Ball
Todd Oliver steals 2nd base
1-0: Foul Ball, location: 2F
1-1: SINGLE (Line Drive, 89M)
Todd Oliver to third
Runner from 3rd tries for Home, SAFE, no throw or cutoff
This league is powered by Out of the Park Baseball, the baseball management simulation game for PC, Mac and Linux
Tuesday, August 2nd, 2016 - OOTP Baseball 16.8 Build 38